 Dungeon Crawl Stone Soup version 0.28.0 (webtiles) character file.

Game seed: 5697115347217119663

2 crazypyro the Ducker (level 1, 0/10 HPs)
             Began as a Tengu Earth Elementalist on Feb 9, 2022.
             Slain by a jackal (2 damage)
             ... on level 1 of the Dungeon.
             The game lasted 00:00:22 (327 turns).

crazypyro the Ducker (Tengu Earth Elementalist)      Turns: 327, Time: 00:00:22

Health: 0/10       AC:  2    Str:  8    XL:     1   Next: 40%
Magic:  4/4        EV: 12    Int: 15    God:
Gold:   8          SH:  0    Dex: 14    Spells: 3/4 levels left

rFire   . . .      SeeInvis .   (no weapon)
rCold   . . .      Faith    .   (no shield)
rNeg    . . .      Spirit   .   b - +0 robe
rPois   .          Reflect  .   (helmet restricted)
rElec   .          Harm     .   (no cloak)
rCorr   .          Rampage  .   (no gloves)
Will    .....                   (boots unavailable)
Stlth   ++........              (no amulet)
HPRegen 0.03/turn               (no ring)
MPRegen 0.09/turn               (no ring)

@: no status effects
A: beak, talons 3
a: no special abilities


You were on level 1 of the Dungeon.
You visited 1 branch of the dungeon, and saw 1 of its levels.

You collected 8 gold pieces.

Inventory:

Missiles
 c - 36 stones
Armour
 b - a +0 robe (worn)
Scrolls
 a - a scroll of teleportation {unknown}


   Skills:
 + Level 2.2 Dodging
 - Level 2.0 Stealth
 + Level 0.0 Unarmed Combat
 + Level 2.0 Spellcasting
 + Level 0.8 Transmutations
 + Level 2.2 Earth Magic


You had 3 spell levels left.
You knew the following spells:

 Your Spells              Type           Power      Damage    Failure   Level
a - Sandblast             Erth           16%        2d6       9%          1

Your spell library contained the following spells:

 Spells                   Type           Power      Damage    Failure   Level
 Passwall                 Tmut/Erth      5%         N/A       19%         2
 Stone Arrow              Conj/Erth      8%         3d7       38%         3
 Petrify                  Tmut/Erth      6%         N/A       75%         4


Dungeon Overview and Level Annotations

Branches:
Dungeon (1/15)

Altars:


Innate Abilities, Weirdness & Mutations

You have a beak for a mouth.
You have claws for feet.


Message History

The jackal barks!
You hear an angry hiss.
A jackal comes into view.
A frilled lizard comes into view.
The jackal bites you.
The jackal barks!
You hit the jackal. Your kick misses the jackal. You peck the jackal.
The jackal is severely wounded.
You hit the jackal but do no damage. Your kick misses the jackal.
The jackal completely misses you.
You hit the jackal but do no damage. Your kick misses the jackal.
The jackal barely misses you. x2
You closely miss the jackal. Your kick misses the jackal.
Your peck misses the jackal. The jackal barely misses you.
You closely miss the jackal. Your kick misses the jackal.
Your peck misses the jackal. The jackal barely misses you.
You closely miss the jackal. You claw the jackal. You peck the jackal.
The jackal is severely wounded.
The jackal bites you. x2
* * * LOW HITPOINT WARNING * * *
You are too injured to fight recklessly!
You hit the jackal but do no damage. Your peck misses the jackal.
The jackal is severely wounded.
The jackal bites you.
* * * LOW HITPOINT WARNING * * *
The frilled lizard unfolds its giant frill.
You hit the jackal but do no damage. Your kick misses the jackal.
The jackal is severely wounded.
The jackal closely misses you. The jackal barely misses you.
You closely miss the jackal.
The jackal is severely wounded.
The jackal misses you.
You completely miss the jackal. You claw the jackal, but do no damage.
The jackal is severely wounded.
The jackal barely misses you.
You hit the jackal but do no damage. Your kick misses the jackal.
The jackal is severely wounded.
The jackal barely misses you. The jackal closely misses you.
You hit the jackal but do no damage. You peck the jackal.
The jackal is almost dead.
The jackal bites you.
You die...

.#.......#
.#(......# ..#
.#######+#. ...
........... #h#
........... #l#
###.####### #b#
#.# #h#
#.######### #h#
#.)....>..####@#
#.#............#
#.#.#####.######
#.#.# #.# #.#.#
... #.#.# .#.##
#.#.# #.#.#
#.#.# # #.# #.#


You could see 3 jackals, a bat and a frilled lizard.

Vanquished Creatures
  An endoplasm (D:1)
  A goblin (D:1)
2 creatures vanquished.

Notes
Turn   | Place    | Note
-------+----------+-------------------------------------------
     0 | D:1      | crazypyro the Tengu Earth Elementalist began the quest for
                  | the Orb.
     0 | D:1      | Reached XP level 1. HP: 10/10 MP: 4/4
   327 | D:1      | Slain by a jackal

Illustrated notes

Levels and vault maps discovered:
D:1:      lemuel_arrival_room, layout_loops_ring

Action                   || total
-------------------------++-------
Melee: Unarmed           ||    14
       Peck              ||     3
       Kick              ||     2
 Cast: Sandblast         ||     3
Dodge: Dodged            ||    11
